woodfighter, lawful female human Knight -------- |......| |......| |......| |......| |...>... |......| -----.-- woodfighter the Bachelor Experience level: 6 Strength: 16 Dexterity: 10 Constitution: 13 Intelligence: 7 Wisdom: 15 Charisma: 15 Health: 0(44) Energy: 50(50) Def: 10 Gold: 0 Moves: 2617 Dungeon seed: B_WkCwL7dciM89lG Game ID: woodfighter_1516653110 Your Inventory: Weapons a - the blessed rustproof +1 Excalibur b - a +1 lance (alternate weapon; not wielded) Armor e - an uncursed +1 ring mail (being worn) n - an uncursed +0 helmet (being worn) q - a blessed +0 small shield (being worn) r - an uncursed +0 pair of leather gloves (being worn) y - a cursed -1 pair of gauntlets of fumbling z - an uncursed +0 pair of elven boots (being worn) N - an uncursed +0 pair of water walking boots Y - a blessed +1 cloak of invisibility (being worn) Comestibles d - 12 uncursed apples f - 10 uncursed carrots i - an uncursed cream pie E - 2 uncursed magic beans Q - 2 uncursed food rations Scrolls g - 2 uncursed scrolls of enchant weapon k - a blessed scroll of fire C - an uncursed scroll of scare monster F - an uncursed scroll of teleportation Spellbooks x - an uncursed spellbook of knock M - an uncursed spellbook of healing Potions l - a potion of unholy water u - an uncursed potion of polymorph v - an uncursed potion of confusion A - a cursed potion of restore ability D - an uncursed potion of oil P - an uncursed potion of gain energy Rings h - a cursed ring of invisibility Wands c - a wand of undead turning (0:7) w - a wand of enlightenment (0:13) J - a wand of enlightenment (0:12) O - a wand of cold (0:5) Tools o - a bag of tricks (0:1) G - an uncursed stethoscope K - an uncursed tallow candle (0:200) Spells and supernatural/magical abilities: Name Level Category Fail Memory W - pray for help -- divine ? -- X - turn undead -- divine ? -- Y - supernatural jump -- ability ? -- Your skills at the end: Miscellaneous Skills shield [Basic] wands [Basic] riding [Basic] Weapon Skills long sword [Basic] polearms [Basic] Spellcasting Skills Final Attributes: You had strayed. You were invisible. You were somewhat stealthy. You could jump. You were riding horsey. You are dead. Vanquished creatures: a housecat 2 blue jellies a wood nymph a rock mole 2 rock piercers a fog cloud a gray ooze 2 floating eyes a kitten 4 hill orcs a jitterbug 3 orc zombies 2 geckos a hobgoblin a cave spider a brown mold a yellow mold a red mold 6 garter snakes 6 manes 4 jackals 3 foxes a kobold 7 newts a goblin 7 sewer rats 12 grid bugs a bat 6 lichens a kobold zombie 82 creatures vanquished. Voluntary challenges: You did not adorn yourself with jewelry or accessories. You did not cause conflict. You did not have reflection. You were not displaced. You used a wielded weapon 110 times, starting on turn 2. You did not use tools. You did not use sinks. You did not drink any magical draughts. You were illiterate. You never genocided any monsters. You never polymorphed an object. You never changed form. You used no wishes. You never split a pudding. You never wrote Elbereth's name. You violated your moral code, losing 12 points of alignment, starting on turn 2. Dungeon overview: The Dungeons of Doom: levels 1 to 8 Level 1 a fountain a long staircase Level 2 (water) an armor shop, an altar to Lugh, a fountain Level 3 a fountain stairs to The Gnomish Mines Level 4 (closed shop) a fountain Level 5 Level 6 a fountain Level 7 Level 8 <- You were here The Gnomish Mines: Level 4 stairs to The Dungeons of Doom History has recorded: On T:1 you entered the Dungeons of Doom to retrieve the Amulet of Yendor! On T:29 you reached level 2 of The Dungeons of Doom. On T:354 you reached level 3 of The Dungeons of Doom. On T:404 you advanced to experience level 2. On T:860 you advanced to experience level 3. On T:1068 you reached level 4 of The Dungeons of Doom. On T:1073 you reached level 5 of The Dungeons of Doom. On T:1131 you advanced to experience level 4. On T:1301 you reached level 1 of The Gnomish Mines. On T:1708 you reached level 6 of The Dungeons of Doom. On T:1951 you advanced to experience level 5. On T:2180 you reached level 7 of The Dungeons of Doom. On T:2529 you advanced to experience level 6. On T:2591 you reached level 8 of The Dungeons of Doom. Score breakdown: Gold: 0 ( 0 points) Experience: 6 levels ( 500 points) Exploration: 8 levels ( 210 points) Discoveries: 20 items ( 1000 points) Variety of kills: 30 monsters ( 1500 points) Major goal: (nothing yet) ( 0 points) Survival: died (score multiplied by 3) Total score: 9630 Latest messages: As you meet its deep, meaningful gaze, you feel its suffering as though it were your own. The bat bites! You kill the bat! You are empty handed. b - a +1 lance (alternate weapon; not wielded). You are now wielding your lance. You have no secondary weapon readied. Where do you want to hit? Where do you want to hit? The lance hits the floating eye! Where do you want to hit? Where do you want to hit? You kill the floating eye! There is a staircase down here. You see here a food ration. Q - a food ration. You are empty handed. b - a +1 lance (alternate weapon; not wielded). You are blasted by Excalibur's power! You die... Final status: Fare thee well woodfighter the Knight, killed by touching Excalibur... You died in The Dungeons of Doom on dungeon level 8 with 9630 points, and 0 pieces of gold, after 2617 moves. You were level 6 with a maximum of 44 hit points when you died.